 Dungeon Sprint DCSS version bcrawl-1.14.2-1-gc900083943 (webtiles) character file.

Game seed: 4773154625246560769

1100 MordorOrchid the Blocker (level 8, -51/70 HPs)
             Began as an Oni Transmuter on Sept 22, 2019.
             Was an Initiate of Gozag.
             Killed from afar by a crystal guardian (64 damage)
             ... with a crystal bolt
             ... in the Dungeon (Sprint V: "Ziggurat Sprint").
             The game lasted 00:08:47 (249 turns).

MordorOrchid the Blocker (Oni Transmuter)            Turns: 249, Time: 00:08:48

Health: -51/70     AC:  6    Str: 30    XL:     8   Next: 32%
Magic:  17/19      EV:  5    Int: 17    God:    Gozag
Gold:   1359       SH: 30    Dex: 12    Spells: 16/19 levels left

rFire    . . .     SeeInvis +   A - +14 obsidian axe {chop, +Fly SInv *Curse} (curse)
rCold    . . .     Gourm    .   B - +18 shield of the Gong {rElec rN+ MR+ EV-5}
rNeg     + . .     Faith    .   N - +0 ring mail
rPois    .         Spirit   .   (helmet restricted)
rElec    +         Reflect  .   (no cloak)
rCorr    .         Harm     .   (no gloves)
MR       +....     NoTele   +   (no boots)
Stlth    +.........             (no amulet)
HPRegen  0.21/turn              z - +6 ring of strength
MPRegen  0.16/turn              y - +6 ring of strength

@: mighty, gold aura, mesmerised, very slightly contaminated, hasted, very quick
A: oni magic, claws 1, fangs 1, horns 1
a: Potion Petition, Call Merchant, Bribe Branch, Renounce Religion, Evoke Flight


You were in the Dungeon.
You worshipped Gozag.
Gozag was most pleased with you.
You were not hungry.

You visited 1 branch You collected 1359 gold pieces.

Inventory:

Hand Weapons
 n - the +4 flail of the Messenger {venom, Dex+3}
   (You found it in the Dungeon)

   It poisons the flesh of those it strikes.
   It affects your dexterity (+3).
 v - the +6 Majin-Bo {vamp, *Drain Str+12 Int+24}
   (You found it in the Dungeon)

   It inflicts no extra harm, but heals its wielder when it wounds a living foe.
   It affects your strength (+12).
   It affects your intelligence (+24).
   It causes draining when unequipped.
 A - the cursed +14 obsidian axe (weapon) {chop, +Fly SInv *Curse}
   (You found it in the Dungeon)

   It inflicts extra damage upon your enemies.
   It lets you see invisible.
   It lets you fly.
   It curses itself when equipped.
   It has a curse placed upon it.
 I - a +5 quick blade
 J - the +10 bardiche "Qeeqoeve" {venom, MR- Int+6 SInv}
   (You found it in the Dungeon)

   It poisons the flesh of those it strikes.
   It affects your intelligence (+6).
   It affects your resistance to hostile enchantments.
   It lets you see invisible.
Missiles
 a - 1120 arrows
Armour
 b - a +0 animal skin
 B - the +18 shield of the Gong (worn) {rElec rN+ MR+ EV-5}
   (You found it in the Dungeon)

   It affects your evasion (-5).
   It insulates you from electricity.
   It protects you from negative energy.
   It affects your resistance to hostile enchantments.
 M - the cursed +1 robe "Diennipt" {rF++ MR+}
   (You found it in the Dungeon)

   It greatly protects you from fire.
   It affects your resistance to hostile enchantments.
   It has a curse placed upon it.
 N - a +0 ring mail (worn)
Magical Staves
 t - an uncursed staff of energy
 K - an uncursed staff of wizardry
Jewellery
 w - a +6 ring of intelligence
 x - a +6 ring of intelligence
 y - a +6 ring of strength (right claw)
 z - a +6 ring of strength (left claw)
 L - a +1 ring of evasion
Wands
 q - a wand of disintegration (5)
 r - a wand of iceblast (7)
 s - a wand of acid (7)
Scrolls
 k - 4 scrolls of blinking
 C - 4 scrolls of amnesia
 D - 7 scrolls of fog
 E - a scroll of holy word
 F - 5 scrolls of identify
 G - 5 scrolls of remove curse
 H - 2 scrolls of fear
Potions
 c - 2 potions of brilliance
 d - a potion of lignification
 e - 10 potions of curing
 g - 14 potions of heal wounds
 h - 3 potions of haste
 i - 7 potions of magic
 j - 3 potions of berserk rage
 m - 4 potions of resistance
 o - 3 potions of agility
 p - 2 potions of might
Miscellaneous
 l - a phial of floods
 u - a lightning rod (4/4)
 O - a box of beasts
Comestibles
 f - 7 rations {!d}


   Skills:
 * Level 5.8 Fighting
 * Level 6.2 Armour
 - Level 1.7 Dodging
 * Level 8.4 Shields
 + Level 6.9 Unarmed Combat
 * Level 6.2 Spellcasting
 - Level 6.6 Evocations


You had 16 spell levels left.
You knew the following spells:

 Your Spells              Type           Power        Failure   Level  Hunger
a - Beastly Appendage     Tmut           ####..       1%          1    None
s - Sticks to Snakes      Tmut           ####....     3%          2    None

Your spell library contained the following spells:

 Spells                   Type           Power        Failure   Level  Hunger
 Blink Other              Tloc           ####..       1%          1    None
 Call Imp                 Summ           ####....     3%          2    None
 Iskenderun's Mystic Bla  Conj           ####....     6%          3    ##.....
 Tukima's Dance           Hex            ####....     6%          3    ##.....
 Spider Form              Tmut/Pois      ###          9%          3    ##.....
 Ice Form                 Ice/Tmut       ####....     30%         4    ####...
 Blade Hands              Tmut           ####......   50%         5    #####..


Dungeon Overview and Level Annotations

Branches:
Dungeon (1/1)

Altars:
Ashenzari
Cheibriados
Dithmenos
Elyvilon
Fedhas
Gozag
Hepliaklqana
Kikubaaqudgha
Lugonu
Makhleb
Nemelex Xobeh
Okawaru
Qazlal
Ru
Sif Muna
Trog
Uskayaw
Vehumet
Wu Jian
Xom
Yredelemnul
Zin
The Shining One
Beogh
Jiyva


Innate Abilities, Weirdness & Mutations

You learn spells by gaining experience, not through books or religion.
You only train spellcasting to practice magic.
You have sharp fingernails.
You have very sharp teeth.
You have a pair of small horns on your head.


Message History

You block the bolt.
The vault guard splashes around in the water.
The stone giant becomes distracted by the nearby gold, dreaming of imaginary riches.
Unknown command.
Unknown command.
You slash the crystal guardian!
You bite the crystal guardian, but do no damage.
The crystal guardian is moderately damaged.
The vault guard blocks your attack.
You barely miss the vault guard.
Visions of slaying the vault guard flood into your mind.
You block the vault guard's attack.
GONNNNG!
The crystal guardian fires a crystalline bolt at you.
The crystal bolt freezes you!
Ouch! That really hurt!
* * * LOW HITPOINT WARNING * * *
The crystal bolt freezes you!
Ouch! That really hurt!
You die...
Your body crumbles into a pile of gold.

▓..|):..▓
▓..:[...▓
▓.......▓
▓...≈≈≈.▓
▓..≈≈≈≈.▓
..≈Cc≈.
▓.▓p8p▓.▓
▓...@≈..▓
▓▓▓▓▓▓▓▓▓


You could see a stone giant, a yaktaur captain, 2 vault guards and a crystal
guardian.

Vanquished Creatures
  A harpy (D)
  A yak (D)
  2 porcupines (D)
  A wolf (D)
  A bullfrog (D)
  An iron imp (D)
  A quasit (D)
  2 orc wizards (D)
  An iguana (D)
  A river rat (D)
  A white imp (D)
  An ufetubus (D)
  2 orcs (D)
  3 bat skeletons (D)
  2 bat zombies (D)
  A jackal (D)
  A leopard gecko skeleton (D)
  A leopard gecko zombie (D)
24 creatures vanquished.

Vanquished Creatures (collateral kills)
  A quokka zombie (D)
1 creature vanquished.

Vanquished Creatures (others)
  Sigmund (D)
  Jessica (D)
2 creatures vanquished.

Grand Total: 27 creatures vanquished

Notes
Turn   | Place    | Note
-------+----------+-------------------------------------------
     0 | D        | MordorOrchid the Oni Transmuter began the quest for the
                  | Orb.
     0 | D        | Reached XP level 1. HP: 16/16 MP: 4/4
     0 | D        | Found a shimmering blue altar of Sif Muna.
     0 | D        | Found a sacrificial altar of Ru.
     0 | D        | Found a bloodstained altar of Trog.
     0 | D        | Found a stormy altar of Qazlal.
     0 | D        | Found an iron altar of Okawaru.
     0 | D        | Found a sparkling altar of Nemelex Xobeh.
     0 | D        | Found a blossoming altar of Fedhas.
     1 | D        | Found the +6 Majin-Bo {vamp, *Drain Str+12 Int+24}
     1 | D        | Found the +7 great mace "Firestarter" {inner flame, rF++}
     6 | D        | Found a corrupted altar of Lugonu.
     6 | D        | Found an ancient bone altar of Kikubaaqudgha.
     6 | D        | Found a burning altar of Makhleb.
     6 | D        | Found a transporter.
     6 | D        | Found a viscous altar of Jiyva.
     6 | D        | Found a hazy altar of Hepliaklqana.
     6 | D        | Killed Sigmund
    20 | D        | Found the +9 heavy crossbow "Sniper" {velocity, Acc+∞ SInv}
    20 | D        | Found the +10 dark maul {crush}
    20 | D        | Found the +15 Maxwell's patent armour {-Cast -Tele rElec
                  | MR+ rCorr}
    20 | D        | Found the +18 shield of the Gong {rElec rN+ MR+ EV-5}
    20 | D        | Found the cursed +14 obsidian axe {chop, +Fly SInv *Curse}
    22 | D        | Found an opulent altar of Gozag.
    49 | D        | Became a worshipper of Gozag Ym Sagoz the Greedy
    56 | D        | Reached skill level 5 in Shields
    56 | D        | Reached XP level 2. HP: 27/27 MP: 6/6
    60 | D        | Learned a level 2 spell: Sticks to Snakes
    64 | D        | Entered arena 2.
    64 | D        | Found a transporter.
    68 | D        | Reached skill level 1 in Armour
    68 | D        | Reached skill level 1 in Evocations
    68 | D        | Reached XP level 3. HP: 33/33 MP: 6/8
    70 | D        | Got the +4 flail of the Messenger {venom, Dex+3}
    73 | D        | Got the +10 bardiche "Qeeqoeve" {venom, MR- Int+6 SInv}
    76 | D        | Entered arena 3.
    76 | D        | Noticed a porcupine
    76 | D        | Noticed a porcupine
    76 | D        | Found a transporter.
    81 | D        | Killed a porcupine
    81 | D        | Reached skill level 6 in Shields
    81 | D        | Reached XP level 4. HP: 40/40 MP: 7/11
    81 | D        | Reached XP level 5. HP: 46/46 MP: 7/12
    81 | D        | Killed Jessica
    84 | D        | Killed a porcupine
    84 | D        | Reached skill level 7 in Shields
    84 | D        | Reached XP level 6. HP: 39/52 MP: 7/14
    92 | D        | Entered arena 4.
    92 | D        | Found a transporter.
   104 | D        | Identified the Disquisition on Feathers and Contamination
                  | (You found it in the Dungeon)
   109 | D        | Entered arena 5.
   109 | D        | Found a transporter.
   115 | D        | Reached skill level 5 in Evocations
   120 | D        | Got the cursed +1 robe "Diennipt" {rF++ MR+}
   187 | D        | Entered arena 6.
   187 | D        | Noticed a yak
   187 | D        | Found a transporter.
   188 | D        | Found the +12 glaive of Prune {chop}
   190 | D        | Reached skill level 5 in Armour
   190 | D        | Reached skill level 5 in Spellcasting
   191 | D        | Killed a yak
   191 | D        | Reached XP level 7. HP: 60/60 MP: 15/17
   192 | D        | Reached skill level 5 in Fighting
   192 | D        | Reached skill level 5 in Unarmed Combat
   215 | D        | Entered arena 7.
   216 | D        | Found a transporter.
   224 | D        | Reached skill level 8 in Shields
   239 | D        | Entered arena 8.
   239 | D        | Noticed a harpy
   239 | D        | Noticed a crystal guardian
   239 | D        | Noticed a vault guard
   239 | D        | Noticed a vault guard
   239 | D        | Noticed a stone giant
   239 | D        | Noticed a yaktaur captain
   240 | D        | Found the +8 mithril axe "Arga" {speed, MR+}
   248 | D        | Killed a harpy
   248 | D        | Reached XP level 8. HP: 64/70 MP: 17/19
   249 | D        | Killed from afar by a crystal guardian

Skill      XL: |  1  2  3  4  5  6  7 |
---------------+----------------------+-----
Fighting       | 4 5 |  5.8
Shields        | 5 6 7 8 |  8.4
Armour         | 1 3 4 5 6 |  6.2
Spellcasting   | 2 3 4 5 6 |  6.2
Evocations     | 1 3 4 5 6 |  6.6
Unarmed Combat | 4 6 |  6.9
Dodging        | |  1.7

Action                   |  1- 3 |  4- 6 |  7- 9 || total
-------------------------+-------+-------+-------++-------
Melee: Broad axe         |     5 |     9 |     8 ||    22
       Headbutt          |     1 |     1 |       ||     2
       Kick              |       |     1 |     1 ||     2
       Bite              |       |       |     1 ||     1
 Cast: Beastly Appendage |       |     2 |       ||     2
Evoke: Lightning rod     |       |       |     4 ||     4
       Wand              |       |       |     2 ||     2
       Phial of floods   |       |       |     1 ||     1
  Use: Potion            |     5 |     4 |     2 ||    11
 Stab: Sleeping          |     2 |     5 |       ||     7
       Invisible         |     1 |     2 |       ||     3
Armor: Ring mail         |       |       |     3 ||     3
Dodge: Dodged            |     1 |       |     2 ||     3
Block: Shield            |     3 |     3 |    16 ||    22
